Map: New Repugnancy LE

Players

Ziggy

  • Race: Terran Terran
  • Spawn Location: 1:00

Vanya - Winner!

  • Race: Zerg Zerg
  • Spawn Location: 7:00

Event: 2019 WCS Summer

VOD

Have the link to the VOD?

Description

Time

  • Played on: July 12, 2019, noon
  • Length: 6:09

All games in this series

Show
View Real Time Build Order
Export as new Build Order

Ziggy Terran 

Build Orders:  

Get SALT Encoding   

  12  0:00  SCV  
  13  0:12  SCV  
  14  0:17  Supply Depot  
  14  0:25  SCV  
  15  0:39  SCV  
  15  0:42  Barracks  
  16  0:44  Refinery  
  16  0:51  SCV  
  17  0:59  Barracks  
  17  1:03  SCV  
  18  1:15  SCV  
  19  1:28  Reaper  
  19  1:29  Orbital Command  
  20  1:35  Barracks  
  20  1:42  Refinery  
  20  1:46  Reaper  
  21  1:53  Supply Depot  
  21  1:57  SCV  
  22  2:04  Reaper  
  23  2:15  SCV  
  24  2:18  Reaper  
  25  2:24  Reaper  
  26  2:36  Reaper  
  27  2:40  Command Center  
  27  2:48  Supply Depot  
  27  2:51  Reaper  
  28  3:01  Reaper  
  28  3:06  SCV  
  28  3:08  Reaper  
  30  3:15  Barracks  
  30  3:20  SCV  
  30  3:23  Reaper  
  32  3:31  Barracks  
  32  3:33  Reaper  
  33  3:35  SCV  
  33  3:40  Reaper  
  35  3:47  SCV  
  36  3:55  Reaper  
  36  4:01  Orbital Command  
  36  4:02  SCV  
  36  4:05  Reaper x2  
  36  4:06  Refinery  
  38  4:12  Reaper  
  38  4:14  SCV  
  40  4:24  Reaper  
  40  4:26  SCV  
  40  4:27  SCV  
  40  4:28  Reaper  
  40  4:30  Supply Depot  
  44  4:37  Reaper  
  45  4:39  SCV x2  
  45  4:41  Reaper  
  45  4:44  Refinery  
  48  4:46  Engineering Bay  
  48  4:48  Reaper  
  48  4:51  SCV x2  
  51  4:56  Reaper  
  52  5:00  Reaper  
  52  5:03  SCV x2  
  55  5:09  Reaper  
  55  5:13  Bunker  
  56  5:15  SCV, Reaper  
  56  5:16  Bunker  
  56  5:20  Bunker, Reaper  
  56  5:28  Reaper  
  56  5:31  SCV x2  
  56  5:32  Reaper  
  58  5:43  SCV  
  58  5:47  SCV  
Show
View Real Time Build Order
Export as new Build Order

Vanya Zerg - Winner!

Build Orders: Hatch First, Ravager All-In 

Get SALT Encoding   

  12  0:00  Drone  
  13  0:12  Overlord  
  13  0:16  Drone  
  14  0:30  Drone x2  
  16  0:47  Hatchery  
  15  0:51  Drone  
  15  0:54  Drone  
  17  0:57  Drone  
  18  1:08  Extractor  
  17  1:13  Spawning Pool  
  17  1:16  Drone  
  17  1:19  Drone  
  18  1:27  Drone  
  19  1:39  Drone  
  20  1:49  Overlord  
  20  2:00  Queen  
  20  2:01  Roach Warren  
  21  2:02  Drone, Extractor  
  21  2:03  Zergling x2  
  22  2:10  Queen  
  22  2:14  Drone  
  25  2:20  Drone  
  26  2:29  Overlord  
  24  2:42  Roach x2  
  24  2:43  Roach  
  30  2:49  Roach  
  32  2:56  Roach  
  34  2:58  Drone  
  34  3:03  Drone  
  34  3:05  Ravager x2  
  38  3:12  Drone  
  39  3:15  Drone  
  40  3:22  Overlord  
  40  3:23  Drone  
  40  3:26  Drone  
  42  3:31  Drone  
  42  3:33  Drone  
  44  3:42  Extractor  
  44  3:43  Drone x2  
  44  3:45  Drone x2  
  46  3:52  Drone x2  
  44  4:03  Roach x2  
  44  4:06  Ravager x2  
  50  4:14  Roach  
  52  4:20  Overlord x2  
  52  4:40  Roach x4  
  52  4:41  Roach  
  52  4:43  Ravager  
  63  4:46  Roach x2  
  63  4:50  Overlord  
  67  4:55  Ravager  
  68  5:09  Roach x3  
  68  5:13  Roach  
  76  5:18  Overlord  
  76  5:22  Overlord  
  76  5:25  Overlord  
  76  5:29  Overlord  
  76  5:34  Overlord  
  76  5:40  Roach  
  76  5:41  Ravager  
  76  5:42  Ravager  
  77  5:44  Roach  
  79  5:51  Ravager  
  76  6:09  Ravager  
Tags
 
Add a new tag
Caveats
  • Supply blocks, unpowered buildings, or Contaminate may cause inaccurate times.
  • Supply counts are checked every 10 seconds.